 Dungeon Crawl Stone Soup version 0.13.1-19-g4b9377e (webtiles) character file.

138 Kae the Firebug (level 3, 0/19 HPs)
             Began as a Tengu Fire Elementalist on Dec 24, 2013.
             Slain by a jackal (3 damage)
             ... on Level 2 of the Dungeon.
             The game lasted 00:02:20 (1718 turns).

Kae the Firebug (Tengu Fire Elementalist)           Turns: 1718, Time: 00:02:20

HP   0/19        AC  2     Str  8      XL: 3   Next: 68%
MP   5/7         EV 12     Int 16      God:
Gold 92          SH  0     Dex 14      Spells:  1 memorised,  3 levels left

Res.Fire  : . . .   See Invis. : .   (no weapon)
Res.Cold  : . . .   Warding    : .   a - +0 robe
Life Prot.: . . .   Conserve   : .   (no shield)
Res.Poison: .       Res.Corr.  : .   (helmet restricted)
Res.Elec. : .       Clarity    : .   (no cloak)
Sust.Abil.: . .     Spirit.Shd : .   (no gloves)
Res.Mut.  : .       Stasis     : .   (boots unavailable)
Res.Rott. : .       Flight     : .   (no amulet)
Saprovore : . . .                    (no ring)
                                     (no ring)

@: not resistant to hostile enchantments, fairly stealthy
A: beak, talons 3
a: no special abilities


You were on level 2 of the Dungeon.
You were very hungry.

You visited 1 branch of the dungeon, and saw 3 of its levels.

You collected 72 gold pieces.

Inventory:

Missiles
 f - 33 darts (quivered)
 h - 15 exploding darts
 i - 5 darts of flame
Armour
 a - a +0 robe (worn)
Comestibles
 c - a bread ration
Scrolls
 d - a scroll of curse armour {unknown}
 e - 5 scrolls of enchant weapon I {unknown}
 g - a scroll of remove curse {unknown}
 j - 3 scrolls of magic mapping {unknown}
 m - 2 scrolls of fear {unknown}
 n - a scroll of teleportation {unknown}
Jewellery
 k - an uncursed amulet of conservation {unknown}
 q - an uncursed ring of protection from magic {unknown}
 v - an uncursed amulet of the gourmand {unknown}
Potions
 l - a potion of confusion {unknown}
 o - 2 potions of heal wounds {unknown}
 p - 3 potions of curing {unknown}
 s - a potion of porridge {unknown}
 t - a potion of brilliance {unknown}
 u - a potion of mutation {unknown}
Books
 b - a book of Flames

   Spells                             Type                      Level
   *Flame Tongue                      Conjuration/Fire             1
   Throw Flame                        Conjuration/Fire             2
   Conjure Flame                      Conjuration/Fire             3
   Inner Flame                        Hexes/Fire                   3
   Sticky Flame                       Conjuration/Fire             4
   Fireball                           Conjuration/Fire             5


   Skills:
 - Level 2.1 Dodging
 - Level 2.0 Stealth
 + Level 1.4 Spellcasting
 * Level 3.0 Conjurations
 * Level 4.1 Fire Magic


You had 3 spell levels left.
You knew the following spells:

 Your Spells              Type           Power        Failure   Level  Hunger
a - Flame Tongue          Conj/Fire      ##...        8%          1    ##.....


Dungeon Overview and Level Annotations

Branches:
Dungeon (3/27)

Altars:


Innate Abilities, Weirdness & Mutations

You have a beak for a mouth.
You have claws for feet.


Message History

Unknown command.
Unknown command.
Casting: Flame Tongue
Confirm with . or Enter, or press ? or * to list all spells.
Aiming: Flame Tongue
Press: ? - help, Shift-Dir - straight line, f - orc
Aim: an orc, wielding an orcish trident and wearing an orcish ring mail The flame hits the orc.
You kill the orc!
Your Conjurations skill increases to level 3!
The jackal closely misses you.
Casting: Flame Tongue
Confirm with . or Enter, or press ? or * to list all spells.
Aiming: Flame Tongue
Press: ? - help, Shift-Dir - straight line, f - jackal
Aim: a jackal The flame misses the jackal.
The jackal bites you.
* * * LOW HITPOINT WARNING * * *
The jackal bites you.
You die...

################# ######
#...............# .....#
#.......).......# .....#
#........@......# .....#
#.........h.....#
####+###..........)....#
......##...............#
##....##...............#
<#...(##...........%...#
.......................#
.#.....................#
.#.....#...............#


You could see a jackal.

Vanquished Creatures
  An adder (D:2)
  A giant gecko (D:3)
  An orc (D:2)
  3 giant cockroaches
  6 goblins
  2 hobgoblins
  7 bats
  3 giant newts
  A jackal (D:2)
  6 kobolds
  2 rats (D:1)
33 creatures vanquished.

Notes
Turn   | Place    | Note
--------------------------------------------------------------
     0 | D:1      | Kae, the Tengu Fire Elementalist, began the quest for the Orb.
     0 | D:1      | Reached XP level 1. HP: 10/10 MP: 3/3
   320 | D:1      | Reached XP level 2. HP: 10/15 MP: 5/5
   675 | D:2      | Reached XP level 3. HP: 19/19 MP: 0/7
   849 | D:2      | Reached skill level 4 in Fire Magic
  1718 | D:2      | Slain by a jackal

Action                   || total
-------------------------++-------
Melee: Unarmed           ||    15
 Cast: Flame Tongue      ||    55
 Stab: Sleeping          ||     1
